 Dungeon Crawl Stone Soup version 0.31-a0-38-g1548c4f2a5 (webtiles) character file.

Game seed: 2800512612127384149

326 frimble the Slasher (level 6, 0/2 (51) HPs)
             Began as a Gnoll Reaver on May 16, 2023.
             Succumbed to Eustachio's poison
             ... on level 5 of the Dungeon.
             The game lasted 00:05:10 (4487 turns).

frimble the Slasher (Gnoll Reaver)                  Turns: 4487, Time: 00:05:11

HP:   0/2 (51)      AC:  8    Str: 18    XL:     6   Next: 49%
MP:   9/14          EV: 13    Int: 14    God:
Gold: 759           SH:  0    Dex: 10    Spells: 12/15 levels left

rFire   . . .        a - +0 falchion
rCold   . . .        (no shield)
rNeg    . . .        b - +0 leather armour
rPois   .            i - +0 helmet
rElec   .            (no cloak)
rCorr   .            (no gloves)
SInv    .            (no boots)
Will    .....        (no amulet)
Stlth   ++           s - +4 ring of protection
HPRegen 0.20/turn    r - +6 ring of strength
MPRegen 0.14/turn

%: no passive effects
@: lethally poisoned (0 -> -7), very slightly contaminated, extremely drained
A: fangs 1, strong nose, distributed training
a: no special abilities


You were on level 5 of the Dungeon.
You visited 2 branches of the dungeon, and saw 7 of its levels.

You collected 915 gold pieces.
You spent 156 gold pieces at shops.

Inventory:

Hand Weapons
 a - a +0 falchion (weapon)
Armour
 b - a +0 leather armour (worn)
 i - a +0 helmet (worn)
Jewellery
 o - a ring of protection from fire
 r - a +6 ring of strength (right hand)
 s - a +4 ring of protection (left hand)
Wands
 p - a wand of charming (1)
Scrolls
 j - 2 scrolls of immolation
 l - a scroll of enchant weapon
 m - 3 scrolls of teleportation
Potions
 c - a potion of attraction
 e - a potion of lignification {unknown}
 f - 2 potions of flight {unknown}
 g - 4 potions of curing
 h - a potion of might {unknown}
 k - 4 potions of mutation
 n - 2 potions of ambrosia


   Skills:
 + Level 5.0 Fighting
 + Level 2.1 Short Blades
 + Level 6.9 Long Blades
 + Level 2.1 Axes
 + Level 2.1 Maces & Flails
 + Level 2.1 Polearms
 + Level 2.1 Staves
 + Level 2.1 Ranged Weapons
 + Level 2.1 Throwing
 + Level 2.1 Armour
 + Level 5.0 Dodging
 + Level 2.1 Stealth
 + Level 2.1 Shields
 + Level 2.1 Unarmed Combat
 + Level 5.4 Spellcasting
 + Level 5.7 Conjurations
 + Level 1.6 Hexes
 + Level 1.6 Summonings
 + Level 1.6 Necromancy
 + Level 1.6 Translocations
 + Level 1.6 Transmutations
 + Level 1.6 Fire Magic
 + Level 1.6 Ice Magic
 + Level 1.6 Air Magic
 + Level 1.6 Earth Magic
 + Level 1.6 Poison Magic
 + Level 2.3 Invocations
 + Level 2.1 Evocations


You had 12 spell levels left.
You knew the following spells:

 Your Spells              Type           Power      Damage    Failure   Level
a - Kiss of Death         Conj/Necr      56%        2d9       4%          1
b - Blink                 Tloc           16%        N/A       16%         2

Your spell library contained the following spells:

 Spells                   Type           Power      Damage    Failure   Level
 Momentum Strike          Conj/Tloc      28%        3d8       7%          2
 Hailstorm                Conj/Ice       14%        3d5       13%         3
 Lesser Beckoning         Tloc           16%        N/A       16%         2


Dungeon Overview and Level Annotations

Branches:
Dungeon (6/15)             Temple (1/1) D:4

Altars:
Ashenzari
Dithmenos
Elyvilon
Fedhas
Gozag
Hepliaklqana
Kikubaaqudgha
Okawaru
Sif Muna
Trog
Uskayaw
Vehumet
Xom
Zin
The Shining One

Shops:
D:1 *

Annotations:
D:2 1 runed translucent door, Crazy Yiuf
D:4 exclusion: ogre


Innate Abilities, Weirdness & Mutations

You have very sharp teeth.
Your uncanny sense of smell can sniff out nearby items.
Your experience applies equally to all skills.


Message History

Press: ? - help, Q - select action, (/) - cycle Shift-Dir - straight line, f/p - Eustachio
Aim: Eustachio, wielding a +1 rapier of venom and wearing a +0 leather armour (severely wounded, heavily drained, 100% to hit)
The negative energy hits Eustachio but does no damage.
Eustachio is drained!
Eustachio is severely wounded.
You feel drained.
You feel very sick.
Eustachio mumbles some strange words.
Aiming: Kiss of Death (safe; 4% risk of failure)
Press: ? - help, Q - select action, (/) - cycle Shift-Dir - straight line, f/p - Eustachio
Aim: Eustachio, wielding a +1 rapier of venom and wearing a +0 leather armour (severely wounded, heavily drained, 100% to hit)
You miscast Kiss of Death.
You are very lightly contaminated with residual magic.
Nothing appears to happen.
* * * LOW HITPOINT WARNING * * *
You feel very sick.
Eustachio screams, "Hey, you killed my favourite bat!"
Eustachio barely misses you. The white imp misses you.
Aiming: Kiss of Death (safe; 4% risk of failure)
Press: ? - help, Q - select action, (/) - cycle Shift-Dir - straight line, f/p - Eustachio
Aim: Eustachio, wielding a +1 rapier of venom and wearing a +0 leather armour (severely wounded, heavily drained, 100% to hit)
The negative energy hits Eustachio.
Eustachio is drained!
Eustachio is almost dead.
You feel drained.
* * * LOW HITPOINT WARNING * * *
You feel sick.
Eustachio mumbles some strange words.
The white imp barely misses you.
Aiming: Kiss of Death (safe; 4% risk of failure)
Press: ? - help, Q - select action, (/) - cycle Shift-Dir - straight line, f/p - Eustachio
Aim: Eustachio, wielding a +1 rapier of venom and wearing a +0 leather armour (almost dead, heavily drained, 100% to hit)
The negative energy hits Eustachio!
Eustachio is drained!
You kill Eustachio!
The white imp disappears in a puff of smoke!
The iron imp disappears in a puff of smoke!
The iron imp disappears in a puff of smoke!
The shadow imp disappears in a puff of smoke!
You feel drained.
Ouch! That really hurt!
You die...

#......## #........ #..!
#..#..#.. .##....
#########..##. ........
.###... #..##. ....#..#
.....#.# ##..#..
.......###.§....####......
#...#..§..§#...##........
##....§@)##....##....#..
#......####..........#..
#.....###...)...........
###.....###.#..........<
##...#.#.......#......
##...#.>......##......
#...........######....
#........#.## #....
##.......#.# #....


There were no monsters in sight!

Vanquished Creatures
  Eustachio (D:5)
  A jelly (D:5)
  2 iguanas
  Natasha (twice) (D:3)
  An orc wizard (D:5)
  Robin (D:3)
  A gnoll (D:4)
  3 adders
  An ufetubus (D:5)
  5 worms
  2 dart slugs (D:1)
  4 orcs
  An endoplasm (D:3)
  2 giant cockroaches (D:1)
  15 goblins
  7 hobgoblins
  2 jackals (D:5)
  5 quokkas
  A ball python (D:2)
  2 bats
  3 frilled lizards
  6 kobolds
  4 rats (D:3)
72 creatures vanquished.

Vanquished Creatures (collateral kills)
  3 gnolls (D:4)
3 creatures vanquished.

Grand Total: 75 creatures vanquished

Notes
Turn   | Place    | Note
-------+----------+-------------------------------------------
     0 | D:1      | frimble the Gnoll Reaver began the quest for the Orb.
     0 | D:1      | Reached XP level 1. HP: 20/20 MP: 6/6
   223 | D:1      | Reached XP level 2. HP: 26/26 MP: 7/7
   550 | D:1      | Found Pikkimos's Assorted Antiques.
   772 | D:2      | Reached skill level 5 in Spellcasting
   772 | D:2      | Reached XP level 3. HP: 27/31 MP: 7/9
   828 | D:2      | Reached skill level 1 in Invocations
   978 | D:2      | Found a faded altar of an unknown god.
  1037 | D:2      | Found a runed translucent door.
  1038 | D:2      | Noticed Crazy Yiuf
  1129 | D:2      | Noticed Robin
  1132 | D:2      | Reached skill level 1 in Short Blades
  1132 | D:2      | Reached skill level 1 in Axes
  1132 | D:2      | Reached skill level 1 in Maces & Flails
  1132 | D:2      | Reached skill level 1 in Polearms
  1132 | D:2      | Reached skill level 1 in Staves
  1132 | D:2      | Reached skill level 1 in Ranged Weapons
  1132 | D:2      | Reached skill level 1 in Throwing
  1132 | D:2      | Reached skill level 1 in Armour
  1132 | D:2      | Reached skill level 1 in Stealth
  1132 | D:2      | Reached skill level 1 in Shields
  1132 | D:2      | Reached skill level 1 in Unarmed Combat
  1132 | D:2      | Reached skill level 1 in Evocations
  1396 | D:3      | Killed Robin
  1397 | D:3      | Reached XP level 4. HP: 7/38 MP: 11/11
  1580 | D:2      | You fall into a shaft and drop 1 floor!
  1671 | D:3      | Reached skill level 1 in Hexes
  1671 | D:3      | Reached skill level 1 in Summonings
  1671 | D:3      | Reached skill level 1 in Necromancy
  1671 | D:3      | Reached skill level 1 in Translocations
  1671 | D:3      | Reached skill level 1 in Transmutations
  1671 | D:3      | Reached skill level 1 in Fire Magic
  1671 | D:3      | Reached skill level 1 in Ice Magic
  1671 | D:3      | Reached skill level 1 in Air Magic
  1671 | D:3      | Reached skill level 1 in Earth Magic
  1671 | D:3      | Reached skill level 1 in Poison Magic
  1702 | D:3      | Learned a level 2 spell: Blink
  2379 | D:3      | Noticed Natasha
  2384 | D:3      | Killed Natasha
  2385 | D:3      | Reached XP level 5. HP: 35/38 MP: 10/12
  2515 | D:3      | Noticed Natasha
  2532 | D:3      | Killed Natasha
  2792 | D:4      | Identified a scroll of acquirement
  2792 | D:4      | Acquired 736 gold pieces
  2891 | D:1      | Bought 2 fizzy golden potions for 36 gold pieces
  2891 | D:1      | Bought a scroll of identify for 40 gold pieces
  2891 | D:1      | Bought a long brass wand for 80 gold pieces
  3091 | D:4      | Found a staircase to the Ecumenical Temple.
  3202 | D:4      | Found a blossoming altar of Fedhas.
  3362 | Temple   | Entered the Ecumenical Temple
  3575 | D:4      | Reached XP level 6. HP: 37/50 MP: 13/13
  3832 | D:4      | Found a white marble altar of Elyvilon.
  3832 | D:4      | Found a radiant altar of Vehumet.
  3923 | D:5      | Entered Level 5 of the Dungeon
  3939 | D:5      | Reached skill level 5 in Fighting
  3939 | D:5      | Reached skill level 5 in Dodging
  4099 | D:5      | Noticed a black bear
  4459 | D:5      | Noticed Eustachio
  4487 | D:5      | Killed Eustachio
  4487 | D:5      | Succumbed to Eustachio's poison

Illustrated notes

Levels and vault maps discovered:
D:1:      noname_arrival_rooms_in_the_neighbourhood, layout_basic, serial_shops,
          shop
D:2:      layout_rooms, chequers_ecumenical_altar_simple_redux, nrook_campfire,
          minivault_19, chequers_serial_rivers_large_b, uniq_robin,
          uniq_crazy_yiuf_cottage
D:3:      layout_rooms, serial_co_window_serial, co_window_corner_a,
          co_window_corner_a, co_window_paths_a, co_window_corner_a,
          co_window_paths_b, co_window_cross_2, co_window_2corner,
          co_window_corner_b, co_window_of_opportunity_b, co_window_4corner_b,
          co_window_4corner_a, glass_columns_a, glass_columns_b, minivault_23,
          uniq_natasha
D:4:      layout_basic, fedhas_altar_fruit_tree,
          gammafunk_temple_overflow_statue, minmay_temple_entry_antechambers,
          nrook_mini_backslash
D:5:      layout_cave_pools, mainiacjoe_overflow_alcove_3,
          gammafunk_ghost_arena, hangedman_decor_peaks_small, uniq_eustachio
D:6:      layout_cave_pools, lemuel_zombie_altar_yredelemnul,
          ebering_ghost_inner_flame, reono_crystal_passage
Temple:   nicolae_temple_godzebo

Skill      XL: |  1  2  3  4  5  6 |
---------------+-------------------+-----
Spellcasting   | 5 |  5.4
Invocations    | 1 2 |  2.3
Short Blades   | 1 2 |  2.1
Axes           | 1 2 |  2.1
Maces & Flails | 1 2 |  2.1
Polearms       | 1 2 |  2.1
Staves         | 1 2 |  2.1
Ranged Weapons | 1 2 |  2.1
Throwing       | 1 2 |  2.1
Armour         | 1 2 |  2.1
Stealth        | 1 2 |  2.1
Shields        | 1 2 |  2.1
Unarmed Combat | 1 2 |  2.1
Evocations     | 1 2 |  2.1
Hexes          | 1 |  1.6
Summonings     | 1 |  1.6
Necromancy     | 1 |  1.6
Translocations | 1 |  1.6
Transmutations | 1 |  1.6
Fire Magic     | 1 |  1.6
Ice Magic      | 1 |  1.6
Air Magic      | 1 |  1.6
Earth Magic    | 1 |  1.6
Poison Magic   | 1 |  1.6
Fighting       | 5 |  5.0
Dodging        | 5 |  5.0
Long Blades    | |  6.9
Conjurations   | |  5.7

Action                     |  1- 3 |  4- 6 || total
---------------------------+-------+-------++-------
  Melee: Falchion          |   139 |   181 ||   320
         Bite              |    17 |    23 ||    40
         Punch             |       |     1 ||     1
   Cast: Kiss of Death     |       |     8 ||     8
  Evoke: Wand              |       |     4 ||     4
    Use: Scroll            |     3 |     6 ||     9
         Potion            |     5 |       ||     5
   Stab: Sleeping          |     1 |     1 ||     2
 Armour: Leather armour    |    45 |    75 ||   120
  Dodge: Dodged            |   107 |   121 ||   228

Table legend: (Time is in decaauts)
 A = Elapsed time spent in this place.
 B = Non-inter-level travel time spent in this place.
 C = Inter-level travel time spent in this place.
 D = Time resting spent in this place.
 E = Time spent auto-exploring this place.
 F = Levels seen in this place.
 G = Mean time per level.
                   A        B        C        D        E       F      G
               +--------+--------+--------+--------+--------+-----+--------+
         Total |   4458 |   4169 |    289 |    113 |   3344 |   7 |  636.9 |
       Dungeon |   4355 |   4069 |    286 |    113 |   3254 |   6 |  725.8 |
        Temple |    102 |    100 |      2 |      0 |     90 |   1 |  102.0 |
               +--------+--------+--------+--------+--------+-----+--------+

Top non-repeatable levels by time:
     D:3: 1352 daAuts
     D:4: 1041 daAuts
     D:1: 768 daAuts
     D:2: 756 daAuts
     D:5: 435 daAuts
  Temple: 102 daAuts
     D:6: 2 daAuts
